 Dungeon Crawl Stone Soup version 0.31-a0-210-gccc998df9b (webtiles) character file.

Game seed: 18099198949819742650

10522 qw the Blocker (level 11, 0/66 HPs)
             Began as a Gargoyle Fighter on June 30, 2023.
             Was a High Priest of Okawaru.
             Slain by a small abomination (3 damage)
             ... in a Gauntlet.
             The game lasted 00:05:14 (10697 turns).

qw the Blocker (Gargoyle Fighter)                  Turns: 10697, Time: 00:05:15

Health: 0/66       AC: 24    Str: 31    XL:     11   Next: 63%
Magic:  15/17      EV:  9    Int:  8    God:    Okawaru [*****.]
Gold:   48         SH: 18    Dex:  9    Spells: 10/10 levels left

rFire   . . .        Y - +3 broad axe
rCold   + . .        w - +0 tower shield
rNeg    + . .        j - +0 plate armour
rPois   inf          n - +1 helmet
rElec   +            (no cloak)
rCorr   .            (no gloves)
SInv    .            (no boots)
Will    .....        l - amulet of faith Stlth
                     e - ring of protection from cold
HPRegen 0.31/turn    m - +6 ring of strength
MPRegen 0.15/turn

%: no teleportation, faith
@: heroic
A: sickness immunity, AC +8, negative energy resistance 1, electricity
resistance, torment resistance 1, petrification resistance
a: Renounce Religion, Heroism, Finesse, Duel


You were in a Gauntlet.
You worshipped Okawaru.
Okawaru was extremely pleased with you.
You visited 3 branches of the dungeon, and saw 11 of its levels.
You also visited: Gauntlet.

You collected 1048 gold pieces.
You spent 1000 gold pieces at shops.


Innate Abilities, Weirdness & Mutations

You are immune to sickness and miasma.
Your stone body is resilient. (AC +8)
You are immune to poison.
You resist negative energy. (rN+)
You are resistant to electric shocks. (rElec)
You are resistant to unholy torment.
You are immune to petrification.


   Skills:
 - Level 6.7(11.7) Fighting
 - Level 9.1(14.1) Axes
 + Level 2.6(7.6) Throwing
 - Level 5.0(10.0) Armour
 - Level 1.9(6.9) Dodging
 - Level 11.6(16.6) Shields
 + Level 9.2 Invocations


You had 10 spell levels left.
You didn't know any spells.
Your spell library was empty.

Inventory:

Hand Weapons
 q - a +1 demon whip of draining
 r - a +0 morningstar
 Y - a +3 broad axe (weapon)
Missiles
 i - a silver javelin
 o - 3 boomerangs (quivered)
Armour
 a - a +2 scale mail of cold resistance
 j - a +0 plate armour (worn)
 n - a +1 helmet (worn)
 w - a +0 tower shield (worn)
Jewellery
 c - a ring of ice
 e - a ring of protection from cold (left hand)
 k - an amulet of guardian spirit
 l - an amulet of faith (around neck)
 m - a +6 ring of strength (right hand)
 t - a +6 ring of dexterity
Scrolls
 h - a scroll of identify
Potions
 b - a potion of mutation
 d - 2 potions of might
 f - 6 potions of enlightenment
 g - 3 potions of attraction
 p - 2 potions of lignification
 u - 2 potions of haste
 v - a potion of cancellation

Dungeon Overview and Level Annotations

Branches:
Dungeon (9/15)             Temple (1/1) D:4            Lair (1/5) D:9
Gauntlet (1/1)
    Orc: D:9-12

Altars:
Ashenzari
Elyvilon
Fedhas
Gozag
Hepliaklqana
Kikubaaqudgha
Makhleb
Nemelex Xobeh
Okawaru
Sif Muna
Trog
Uskayaw
Wu Jian
Xom
Yredelemnul
Zin
The Shining One

Shops:
D:8 !   D:9 *

Annotations:
D:4 2 runed translucent doors, qw's ghost, amateur DEHu Gauntlet 13 transporters


Message History

Enter note:
Enter note:
Enter note:
Enter note:
Enter note:
Enter note:
Enter note:
Enter note:
10693 ||| Standing still (stuck).
The thrashing horror closely misses you.
You block the thrashing horror's attack.
The small abomination hits you. The small abomination hits you!
10694 ||| INVOKING Heroism.
You gain the combat prowess of a mighty hero.
You block the thrashing horror's attack. x2
The small abomination hits you!
You block the small abomination's attack.
You hit the small abomination but do no damage.
The small abomination is lightly damaged.
You slash the small abomination! You slash the thrashing horror!
You block the thrashing horror's attack.
The thrashing horror tramples you but does no damage.
You block the small abomination's attack. x2
The small abomination hits you but does no damage.
You block the thrashing horror's attack.
The thrashing horror closely misses you.
You slash the small abomination!
You destroy the small abomination!
Okawaru accepts your kill.
You hit the thrashing horror. You slash the small abomination!
The thrashing horror tramples you but does no damage.
The thrashing horror closely misses you.
You block the small abomination's attack.
You block the thrashing horror's attack. x2
You closely miss the small abomination.
The small abomination is heavily damaged.
You barely miss the thrashing horror.
You block the thrashing horror's attack. x2
The small abomination hits you.
You die...

####.#..............#8#
8~~#.#..............####
####.#############....~###
....^...........^#.....#8#
######################.###
.......25#.#.x.......#.#
..##.##.5#.#.#...###.#.###
.#..#..#.#.#...###...#.#8#
.#..#^.#.#.#.#^#@..#.#.###
..#####..#.#.#XxX#^#.#.#
.#..#..#.#.#...###...#.###
5#..#..#.#.#.###^..#.#.#8#
5.##.##..#.#x#X..###.#.###
5..=^()..#.#xXx?^.?..#.#
##########.###########.###
.......................#8#
......................~###


You could see 2 thrashing horrors and a small abomination.

Vanquished Creatures
  A boulder beetle (D:9)
  A two-headed ogre (D:9)
  A death scarab (Gauntlet)
  An oklob plant (Lair:1)
  A black mamba (Lair:1)
  2 komodo dragons
  A kobold demonologist (D:9)
  A troll (D:9)
  A hornet (D:9)
  3 flying skulls (Gauntlet)
  2 wyverns
  Eustachio (D:6)
  11 yaks (D:9)
  A vampire (D:9)
  A spectral cane toad (Gauntlet)
  An acid dragon (D:8)
  5 water moccasins
  3 orc warriors
  4 ice beasts
  A sky beast (D:7)
  An ogre (D:5)
  3 wolves (Lair:1)
  2 centaurs
  A small abomination (Gauntlet)
  2 kobold brigands (D:8)
  2 scorpions
  7 bullfrogs
  A gnoll sergeant (D:9)
  4 wights
  3 howler monkeys
  A gnoll bouda (D:7)
  7 orc priests
  4 hounds
  2 jellies
  9 orc wizards
  2 iguanas
  3 sleepcaps
  7 gnolls
  8 adders
  A white imp (D:6)
  2 ufetubi
  A worm (D:2)
  2 dart slugs
  26 orcs
  6 ball pythons
  5 bats
  8 endoplasms
  5 giant cockroaches
  12 goblins
  14 hobgoblins
  2 jackals (D:1)
  4 quokkas
  5 frilled lizards
  15 kobolds
  4 rats
224 creatures vanquished.

Vanquished Creatures (others)
  An orc wizard (D:9)
  A ball python (D:4)
2 creatures vanquished.

Grand Total: 226 creatures vanquished

Notes
Turn   | Place    | Note
-------+----------+-------------------------------------------
     0 | D:1      | qw the Gargoyle Fighter began the quest for the Orb.
     0 | D:1      | Reached XP level 1. HP: 14/14 MP: 1/1
     0 | D:1      | 0 ||| qw: Version: 0.3-a-26-gee661ec
     0 | D:1      | 0 ||| qw: Game counter: 7222
     0 | D:1      | 0 ||| qw: Melee chars always use a shield: true
     0 | D:1      | 0 ||| qw: God list: Okawaru
     0 | D:1      | 0 ||| qw: Allow faded altars: false
     0 | D:1      | 0 ||| qw: Do Orc after clearing Dungeon:15 true
     0 | D:1      | 0 ||| qw: Do second Lair branch before Depths: true
     0 | D:1      | 0 ||| qw: Lair rune preference: random
     0 | D:1      | 0 ||| qw: Goals: Normal, Zot:1-4, Slime:5, God:TSO, Crypt,
                  | Tomb, Abyss, Pan, Hells, Win
     0 | D:1      | 0 ||| PLANNING D:1-11
    84 | D:1      | 84 ||| Stepping ~*~*~tactically~*~*~ (stealth).
    85 | D:1      | 85 ||| Stepping ~*~*~tactically~*~*~ (stealth).
    86 | D:1      | 86 ||| Stepping ~*~*~tactically~*~*~ (stealth).
    96 | D:1      | 96 ||| Stepping ~*~*~tactically~*~*~ (stealth).
   102 | D:1      | Reached XP level 2. HP: 19/19 MP: 2/2
   315 | D:1      | Found a faded altar of an unknown god.
   414 | D:1      | Reached skill level 3 in Axes
   531 | D:1      | Reached XP level 3. HP: 23/23 MP: 3/3
   842 | D:1      | 842 ||| UPGRADING to ring of protection from cold.
  1069 | D:2      | 1069 ||| Stepping ~*~*~tactically~*~*~ (stealth).
  1070 | D:2      | 1070 ||| Stepping ~*~*~tactically~*~*~ (stealth).
  1113 | D:2      | 1113 ||| SWAPPING to +0 broad axe.
  1114 | D:2      | 1114 ||| DROPPING +0 war axe.
  1162 | D:2      | 1162 ||| Stepping ~*~*~tactically~*~*~ (stealth).
  1163 | D:2      | 1163 ||| Stepping ~*~*~tactically~*~*~ (stealth).
  1168 | D:2      | 1168 ||| Stepping ~*~*~tactically~*~*~ (stealth).
  1169 | D:2      | 1169 ||| Stepping ~*~*~tactically~*~*~ (stealth).
  1254 | D:2      | 1254 ||| Stepping ~*~*~tactically~*~*~ (stealth).
  1255 | D:2      | 1255 ||| Stepping ~*~*~tactically~*~*~ (stealth).
  1689 | D:2      | 1689 ||| DROPPING +0 club.
  1885 | D:2      | 1885 ||| READING scroll labelled DEUJYA ONOQEICW.
  1886 | D:2      | 1886 ||| READING scroll labelled TOHYIR JOGE.
  1887 | D:2      | 1887 ||| DRINKING 3 bubbling clear potions.
  1992 | D:2      | 1992 ||| DROPPING 2 potions of berserk rage.
  2050 | D:3      | Reached XP level 4. HP: 28/28 MP: 4/4
  2118 | D:3      | 2118 ||| Stepping ~*~*~tactically~*~*~ (stealth).
  2308 | D:3      | 2308 ||| Stepping ~*~*~tactically~*~*~ (hiding).
  2471 | D:3      | 2471 ||| DROPPING +0 whip.
  2873 | D:3      | 2873 ||| Stepping ~*~*~tactically~*~*~ (stealth).
  2874 | D:3      | 2874 ||| Stepping ~*~*~tactically~*~*~ (stealth).
  3230 | D:3      | 3230 ||| UPGRADING to +0 chain mail.
  3240 | D:3      | 3240 ||| DROPPING +0 scale mail.
  3241 | D:3      | 3241 ||| UPGRADING to amulet of guardian spirit.
  3246 | D:3      | 3246 ||| READING 3 scrolls labelled VIOCOTZAG TULU.
  3247 | D:3      | 3247 ||| READING scroll labelled IVVULIETRE.
  3248 | D:3      | 3248 ||| READING scroll labelled BUCRE BUAJAH.
  3249 | D:3      | 3249 ||| READING scroll labelled SYWAUFFORGHIF.
  3250 | D:3      | 3250 ||| DRINKING 2 silvery potions.
  3251 | D:3      | 3251 ||| READING 2 scrolls of identify.
  3251 | D:3      | 3251 ||| IDENTIFYING sapphire potion
  3266 | D:4      | 3266 ||| STAIRDANCE
  3269 | D:3      | Reached XP level 5. HP: 20/32 MP: 2/5
  3365 | D:4      | Found a runed translucent door.
  3416 | D:4      | Found a staircase to the Ecumenical Temple.
  3417 | D:4      | 3417 ||| PLANNING TEMPLE
  3417 | D:4      | 3417 ||| Stepping ~*~*~tactically~*~*~ (hiding).
  3499 | D:4      | 3499 ||| UPGRADING to +0 plate armour.
  3509 | D:4      | 3509 ||| DROPPING +0 chain mail.
  3510 | D:4      | 3510 ||| READING scroll labelled ZANONE KAYTH.
  3511 | D:4      | 3511 ||| READING scroll labelled METAJA ROGYEVU.
  3512 | D:4      | 3512 ||| READING 3 scrolls of identify.
  3512 | D:4      | 3512 ||| IDENTIFYING fizzy emerald potion
  3519 | Temple   | Entered the Ecumenical Temple
  3520 | Temple   | 3520 ||| PLANNING OKAWARU WORSHIP
  3564 | Temple   | Became a worshipper of Warmaster Okawaru
  3565 | Temple   | 3565 ||| PLANNING D:1-11
  3565 | Temple   | 3565 ||| REMOVING amulet of guardian spirit.
  3613 | D:4      | Found a runed translucent door.
  3639 | D:4      | Noticed qw's ghost (amateur DEHu)
  3646 | D:4      | 3646 ||| Stepping ~*~*~tactically~*~*~ (stealth).
  3647 | D:4      | 3647 ||| Stepping ~*~*~tactically~*~*~ (stealth).
  3648 | D:4      | 3648 ||| Stepping ~*~*~tactically~*~*~ (stealth).
  4085 | D:4      | 4085 ||| READING 3 scrolls of identify.
  4085 | D:4      | 4085 ||| IDENTIFYING purple potion
  4086 | D:4      | 4086 ||| READING 2 scrolls of identify.
  4086 | D:4      | 4086 ||| IDENTIFYING glowing silvery potion
  4108 | D:5      | Entered Level 5 of the Dungeon
  4158 | D:5      | Noticed an ogre
  4165 | D:5      | Killed an ogre
  4166 | D:5      | Reached XP level 6. HP: 21/38 MP: 6/6
  4323 | D:5      | 4323 ||| Stepping ~*~*~tactically~*~*~ (hiding).
  4335 | D:5      | 4335 ||| DRINKING potion of curing.
  4335 | D:5      | 4335 ||| (to cure confusion)
  4348 | D:5      | 4348 ||| FLEEEEING.
  4349 | D:5      | 4349 ||| FLEEEEING.
  4350 | D:5      | 4350 ||| FLEEEEING.
  4351 | D:5      | 4351 ||| FLEEEEING.
  4352 | D:5      | 4352 ||| FLEEEEING.
  4353 | D:5      | 4353 ||| FLEEEEING.
  4354 | D:5      | 4354 ||| FLEEEEING.
  4355 | D:5      | 4355 ||| FLEEEEING.
  4356 | D:5      | 4356 ||| FLEEEEING.
  4360 | D:5      | Reached skill level 6 in Axes
  4364 | D:5      | Reached * piety under Okawaru
  4371 | D:5      | 4371 ||| INVOKING Heroism.
  4378 | D:5      | HP: 9/38 [something (3)]
  4388 | D:5      | Reached XP level 7. HP: 12/43 MP: 5/7
  4556 | D:5      | 4556 ||| DROPPING +0 mace.
  4856 | D:5      | Identified the +0 leather armour "Tausoyb" {Harm Str+3
                  | Int-2}
  4872 | D:5      | 4872 ||| Stepping ~*~*~tactically~*~*~ (hiding).
  5111 | D:5      | Identified the +4 dagger of Ragnarok {heavy, rF- rN+ Int+2
                  | Dex+3}
  5188 | D:5      | 5188 ||| UPGRADING to amulet of faith.
  5193 | D:5      | 5193 ||| UPGRADING to +6 ring of strength.
  5260 | D:6      | 5260 ||| Stepping ~*~*~tactically~*~*~ (hiding).
  5273 | D:6      | 5273 ||| INVOKING Heroism.
  5275 | D:6      | Reached skill level 1 in Dodging
  5325 | D:6      | 5325 ||| DROPPING +0 flail.
  5383 | D:6      | Reached skill level 1 in Invocations
  5460 | D:6      | 5460 ||| Stepping ~*~*~tactically~*~*~ (stealth).
  5463 | D:6      | 5463 ||| Stepping ~*~*~tactically~*~*~ (hiding).
  5466 | D:6      | 5466 ||| Stepping ~*~*~tactically~*~*~ (hiding).
  5468 | D:6      | 5468 ||| Stepping ~*~*~tactically~*~*~ (hiding).
  5470 | D:6      | 5470 ||| Stepping ~*~*~tactically~*~*~ (hiding).
  5475 | D:6      | 5475 ||| INVOKING Heroism.
  5485 | D:6      | 5485 ||| INVOKING Heroism.
  5503 | D:6      | 5503 ||| INVOKING Heroism.
  5505 | D:6      | Reached XP level 8. HP: 43/50 MP: 4/9
  5509 | D:6      | Reached skill level 1 in Throwing
  5765 | D:6      | 5765 ||| DROPPING +2 flail of protection.
  5810 | D:6      | 5810 ||| Stepping ~*~*~tactically~*~*~ (hiding).
  5954 | D:6      | Noticed Eustachio
  5955 | D:6      | 5955 ||| INVOKING Heroism.
  5971 | D:6      | Reached skill level 3 in Invocations
  5977 | D:6      | 5977 ||| INVOKING Heroism.
  5978 | D:6      | Killed Eustachio
  6025 | D:6      | Identified the +0 robe of the Smoking Gods {rC+ Int+3
                  | Dex+3}
  6104 | D:6      | 6104 ||| Stepping ~*~*~tactically~*~*~ (stealth).
  6161 | D:6      | Reached ** piety under Okawaru
  6216 | D:6      | 6216 ||| INVOKING Heroism.
  6346 | D:6      | Noticed a wyvern
  6354 | D:6      | Reached XP level 9. HP: 47/55 MP: 12/12
  6356 | D:6      | 6356 ||| INVOKING Heroism.
  6362 | D:6      | Reached skill level 6 in Fighting
  6631 | D:6      | 6631 ||| UPGRADING to +0 helmet.
  6636 | D:6      | 6636 ||| UPGRADING to +0 tower shield.
  6646 | D:6      | 6646 ||| DROPPING +0 buckler.
  6647 | D:6      | 6647 ||| READING 2 scrolls labelled FACZOM YNOCAO.
  6652 | D:6      | 6652 ||| READING 2 scrolls labelled GOMNOU INESAIN.
  6653 | D:6      | 6653 ||| READING scroll of enchant weapon.
  6653 | D:6      | 6653 ||| ENCHANTING +1 broad axe.
  6654 | D:6      | 6654 ||| READING scroll labelled HERUKI XEMEACI.
  6755 | D:6      | 6755 ||| READING scroll labelled QIMEKI PISAIG.
  6756 | D:6      | 6756 ||| READING 2 scrolls of identify.
  6756 | D:6      | 6756 ||| IDENTIFYING emerald potion
  6757 | D:6      | 6757 ||| DROPPING potion of degeneration.
  6806 | D:7      | Found a bloodstained altar of Trog.
  6824 | D:7      | Reached skill level 4 in Shields
  6824 | D:7      | 6824 ||| INVOKING Heroism.
  6938 | D:7      | Reached skill level 5 in Shields
  7050 | D:7      | 7050 ||| READING scroll of enchant armour.
  7050 | D:7      | 7050 ||| ENCHANTING +0 helmet.
  7054 | D:7      | Found a glowing silver altar of Zin.
  7333 | D:7      | 7333 ||| Stepping ~*~*~tactically~*~*~ (stealth).
  7347 | D:7      | 7347 ||| Stepping ~*~*~tactically~*~*~ (stealth).
  7349 | D:7      | 7349 ||| INVOKING Heroism.
  7354 | D:7      | Reached skill level 6 in Shields
  7591 | D:8      | Reached *** piety under Okawaru
  7692 | D:8      | Reached skill level 7 in Shields
  7777 | D:8      | 7777 ||| Stepping ~*~*~tactically~*~*~ (hiding).
  7781 | D:8      | 7781 ||| DRINKING potion of curing.
  7781 | D:8      | 7781 ||| (to cure confusion)
  7802 | D:8      | 7802 ||| Stepping ~*~*~tactically~*~*~ (hiding).
  7805 | D:8      | 7805 ||| Stepping ~*~*~tactically~*~*~ (hiding).
  7812 | D:8      | 7812 ||| Stepping ~*~*~tactically~*~*~ (stealth).
  7936 | D:8      | Found Sauta Piente's Distillery.
  7943 | D:8      | 7943 ||| BUYING potion of enlightenment (60 gold).
  7943 | D:8      | Bought a potion of enlightenment for 60 gold pieces
  7943 | D:8      | 7943 ||| BUYING potion of enlightenment (60 gold).
  7943 | D:8      | Bought a potion of enlightenment for 60 gold pieces
  7943 | D:8      | 7943 ||| BUYING potion of enlightenment (60 gold).
  7943 | D:8      | Bought a potion of enlightenment for 60 gold pieces
  7943 | D:8      | 7943 ||| BUYING potion of haste (120 gold).
  7943 | D:8      | Bought a potion of haste for 120 gold pieces
  7943 | D:8      | 7943 ||| BUYING potion of haste (120 gold).
  7943 | D:8      | Bought a potion of haste for 120 gold pieces
  7943 | D:8      | 7943 ||| BUYING potion of lignification (36 gold).
  7943 | D:8      | Bought a potion of lignification for 36 gold pieces
  7952 | D:8      | 7952 ||| INVOKING Heroism.
  7957 | D:8      | HP: 13/56 [acid dragon/splash of acid (11)]
  7958 | D:8      | 7958 ||| READING 2 scrolls of teleportation.
  7959 | D:8      | 7959 ||| DRINKING 5 potions of heal wounds.
  8084 | D:8      | 8084 ||| Stepping ~*~*~tactically~*~*~ (hiding).
  8085 | D:8      | 8085 ||| Stepping ~*~*~tactically~*~*~ (hiding).
  8087 | D:8      | 8087 ||| Stepping ~*~*~tactically~*~*~ (hiding).
  8088 | D:8      | 8088 ||| Stepping ~*~*~tactically~*~*~ (hiding).
  8181 | D:8      | 8181 ||| Stepping ~*~*~tactically~*~*~ (stealth).
  8184 | D:8      | 8184 ||| Stepping ~*~*~tactically~*~*~ (stealth).
  8188 | D:8      | 8188 ||| Stepping ~*~*~tactically~*~*~ (hiding).
  8189 | D:8      | 8189 ||| Stepping ~*~*~tactically~*~*~ (hiding).
  8353 | D:8      | 8353 ||| Stepping ~*~*~tactically~*~*~ (hiding).
  8358 | D:8      | 8358 ||| INVOKING Heroism.
  8362 | D:8      | Reached skill level 8 in Shields
  8611 | D:8      | 8611 ||| DROPPING amulet of magic regeneration.
  8612 | D:8      | 8612 ||| READING scroll labelled FYTURPH WAOFO.
  8613 | D:8      | 8613 ||| READING 2 scrolls of identify.
  8613 | D:8      | 8613 ||| IDENTIFYING fizzy orange potion
  8614 | D:8      | 8614 ||| DROPPING potion of ambrosia.
  8667 | D:9      | Noticed a two-headed ogre
  8668 | D:9      | 8668 ||| INVOKING Heroism.
  8677 | D:9      | Killed a two-headed ogre
  8677 | D:9      | Reached **** piety under Okawaru
  8678 | D:9      | Reached skill level 9 in Shields
  8678 | D:9      | Reached XP level 10. HP: 61/61 MP: 11/13
  8721 | D:9      | Noticed a kobold demonologist
  8722 | D:9      | 8722 ||| INVOKING Heroism.
  8748 | D:9      | Reached skill level 10 in Shields
  8748 | D:9      | Noticed an orange demon
  8748 | D:9      | 8748 ||| INVOKING Heroism.
  8750 | D:9      | Noticed an orange demon
  8755 | D:9      | HP: 14/61 [orc priest/divine providence (12)]
  8756 | D:9      | 8756 ||| READING scroll of teleportation.
  8757 | D:9      | 8757 ||| DRINKING 4 potions of heal wounds.
  8781 | D:9      | 8781 ||| Stepping ~*~*~tactically~*~*~ (hiding).
  8784 | D:9      | 8784 ||| Stepping ~*~*~tactically~*~*~ (hiding).
  8785 | D:9      | 8785 ||| Stepping ~*~*~tactically~*~*~ (hiding).
  8893 | D:9      | 8893 ||| INVOKING Heroism.
  8895 | D:9      | HP: 14/61 [gnoll sergeant/+2 spear of venom (4)]
  8896 | D:9      | 8896 ||| DRINKING 3 potions of heal wounds.
  8899 | D:9      | 8899 ||| DRINKING 2 potions of heal wounds.
  8901 | D:9      | Received a gift from Okawaru
  8901 | D:9      | HP: 15/61 [gnoll sergeant/+2 spear of venom (9)]
  8902 | D:9      | Reached skill level 11 in Shields
  8902 | D:9      | 8902 ||| DRINKING potion of heal wounds.
  9260 | D:9      | 9260 ||| INVOKING Heroism.
  9313 | D:9      | 9313 ||| Stepping ~*~*~tactically~*~*~ (hiding).
  9325 | D:9      | 9325 ||| Stepping ~*~*~tactically~*~*~ (stealth).
  9327 | D:9      | Reached skill level 6 in Invocations
  9347 | D:9      | 9347 ||| INVOKING Heroism.
  9358 | D:9      | HP: 15/61 [iron imp[a kobold demonologist] (2)]
  9359 | D:9      | 9359 ||| DRINKING potion of heal wounds.
  9366 | D:9      | Killed a kobold demonologist
  9370 | D:9      | 9370 ||| INVOKING Heroism.
  9423 | D:9      | 9423 ||| FLEEEEING.
  9424 | D:9      | 9424 ||| FLEEEEING.
  9431 | D:9      | 9431 ||| FLEEEEING.
  9529 | D:9      | 9529 ||| Stepping ~*~*~tactically~*~*~ (hiding).
  9574 | D:9      | Noticed a boulder beetle
  9575 | D:9      | 9575 ||| INVOKING Heroism.
  9595 | D:9      | Killed a boulder beetle
  9596 | D:9      | Reached skill level 9 in Axes
  9596 | D:9      | Reached XP level 11. HP: 66/66 MP: 16/16
  9704 | D:9      | Found Wyonomewk's Blasphemy Boutique.
  9707 | D:9      | 9707 ||| BUYING +1 demon whip of draining (544 gold).
  9707 | D:9      | Bought a +1 demon whip of draining for 544 gold pieces
  9765 | D:9      | 9765 ||| Stepping ~*~*~tactically~*~*~ (stealth).
  9833 | D:9      | Found a staircase to the Lair.
  9868 | D:9      | 9868 ||| PLANNING LAIR
  9868 | D:9      | 9868 ||| READING 2 scrolls of identify.
  9868 | D:9      | 9868 ||| IDENTIFYING murky dark potion
  9870 | D:9      | 9870 ||| INVOKING Heroism.
  9922 | Lair:1   | Entered Level 1 of the Lair of Beasts
  9923 | Lair:1   | 9923 ||| PLANNING GAUNTLET
  9926 | Lair:1   | 9926 ||| STAIRDANCE
  9932 | D:9      | Received a gift from Okawaru
  9934 | D:9      | 9934 ||| INVOKING Heroism.
 10022 | Lair:1   | 10022 ||| READING scroll of enchant weapon.
 10022 | Lair:1   | 10022 ||| ENCHANTING +2 broad axe.
 10064 | Lair:1   | 10064 ||| INVOKING Heroism.
 10099 | Lair:1   | 10099 ||| INVOKING Heroism.
 10116 | Lair:1   | Noticed an oklob plant
 10117 | Lair:1   | Found a gate leading to a gauntlet.
 10123 | Lair:1   | Killed an oklob plant
 10189 | Gauntlet | Entered a Gauntlet
 10189 | Gauntlet | Found a transporter.
 10191 | Gauntlet | Noticed a death scarab
 10198 | Gauntlet | Found a transporter.
 10213 | Gauntlet | Found a transporter.
 10215 | Gauntlet | Noticed a blizzard demon
 10218 | Gauntlet | Found a transporter.
 10224 | Gauntlet | Noticed a thrashing horror
 10227 | Gauntlet | Noticed a thrashing horror
 10239 | Gauntlet | Found a transporter.
 10252 | Gauntlet | Found a transporter.
 10262 | Gauntlet | Noticed a wizard
 10264 | Gauntlet | Found a transporter.
 10268 | Gauntlet | Noticed a wizard
 10272 | Gauntlet | Found a transporter.
 10272 | Gauntlet | Found a transporter.
 10285 | Gauntlet | Noticed a green death
 10289 | Gauntlet | Found a transporter.
 10295 | Gauntlet | Found a transporter.
 10314 | Gauntlet | Found a transporter.
 10324 | Gauntlet | Noticed a catoblepas
 10326 | Gauntlet | Found a transporter.
 10343 | Gauntlet | Found a transporter.
 10354 | Gauntlet | Noticed an entropy weaver
 10361 | Gauntlet | Found a transporter.
 10363 | Gauntlet | Found a transporter.
 10392 | Gauntlet | Found a transporter.
 10394 | Gauntlet | Found a transporter.
 10596 | Gauntlet | 10596 ||| INVOKING Heroism.
 10606 | Gauntlet | Killed a death scarab
 10606 | Gauntlet | Reached ***** piety under Okawaru
 10606 | Gauntlet | Received a gift from Okawaru
 10607 | Gauntlet | Reached skill level 9 in Invocations
 10687 | Gauntlet | 10687 ||| Stepping randomly (stuck).
 10688 | Gauntlet | 10688 ||| Stepping randomly (stuck).
 10689 | Gauntlet | 10689 ||| Stepping randomly (stuck).
 10690 | Gauntlet | 10690 ||| Standing still (stuck).
 10691 | Gauntlet | 10691 ||| Standing still (stuck).
 10693 | Gauntlet | 10693 ||| Standing still (stuck).
 10693 | Gauntlet | HP: 10/66 [small abomination (8)]
 10694 | Gauntlet | 10694 ||| INVOKING Heroism.
 10694 | Gauntlet | HP: 2/66 [small abomination (8)]
 10697 | Gauntlet | Slain by a small abomination

Levels and vault maps discovered:
D:1:      wheals_arrival_linesprint, layout_loops_ring,
          hellmonk_ecumenical_altar_leap_of_faith,
          corexii_item_surrounded_by_moat
D:2:      layout_loops_corners, serial_bayou_pond_b
D:3:      layout_basic
D:4:      layout_cave_pools, minmay_temple_entry_proselytizer,
          ebering_ghost_sewer_f, grunt_decor_mini_mirrors, lemuel_flame_loot_1
D:5:      layout_loops_ring, dreamdust_wishing_well, guppyfry_early_lair_pool
D:6:      corexii_shack_village, layout_basic, minmay_pentangle, uniq_eustachio
D:7:      layout_basic, kennysheep_little_box, mainiacjoe_overflow_tiny_flanked
D:8:      layout_gridville, serial_shops, nicolae_shop_trees
D:9:      minmay_polygon_palace, layout_basic, david_lair_shrubbed,
          enter_bailey_3, nicolae_evil_shop
Temple:   hellmonk_temple_of_storms
Lair:1:   layout_big_grid, gauntlet_entry_generic, nicolae_lair_liquid_snakes,
          grunt_megastairs_3
Gauntlet: gammafunk_gauntlet_one_two_three
          [gammafunk_gauntlet_arena_split_diamond,
          gammafunk_gauntlet_arena_crates, nicolae_gauntlet_arena_blocks,
          nicolae_gauntlet_arena_grate_2, nicolae_gauntlet_arena_quarters,
          gammafunk_gauntlet_arena_corners, nicolae_gauntlet_arena_flowing_pool,
          nicolae_gauntlet_arena_t_cross, gammafunk_gauntlet_arena_chambers,
          nicolae_gauntlet_exit_dead_adventurers]

Skill      XL: |  1  2  3  4  5  6  7  8  9 10 11 |
---------------+----------------------------------+-----
Axes           | 2 3 4 5 6 7 8 9 |  9.1
Fighting       | 4 5 6 |  6.7
Dodging        | 1 |  1.9
Invocations    | 1 4 7 9 |  9.2
Throwing       | 1 2 |  2.6
Armour         | 4 5 |  5.0
Shields        | 9 11 | 11.6

Action                     |  1- 3 |  4- 6 |  7- 9 | 10-12 || total
---------------------------+-------+-------+-------+-------++-------
  Melee: War axe           |    88 |       |       |       ||    88
         Broad axe         |    43 |   136 |   287 |   179 ||   645
  Throw: Boomerang         |       |       |    76 |    31 ||   107
         Javelin           |       |       |       |    16 ||    16
 Invoke: Heroism           |       |     1 |    13 |    13 ||    27
    Use: Scroll            |     2 |    10 |    10 |     3 ||    25
         Potion            |     1 |     2 |     2 |     5 ||    10
 Armour: Scale mail        |    62 |    30 |       |       ||    92
         Plate armour      |       |    67 |   174 |   137 ||   378
         Chain mail        |       |    12 |       |       ||    12
  Dodge: Dodged            |    62 |    41 |    82 |    61 ||   246
  Block: Buckler           |    12 |    25 |    38 |       ||    75
         Tower shield      |       |       |    85 |   192 ||   277

Table legend:
 A = Non-vault XP
 B = Vault XP
 C = Vault XP percentage of total XP
 D = Non-vault monster count
 E = Vault monster count
 F = Vault count percentage of total count
                 A         B        C        D         E       F
            +---------+---------+-------+---------+---------+-------
      Total |    8004 |    7028 |  46.8 |     175 |      50 |  22.2
            +---------+---------+-------+---------+---------+-------
        D:1 |      36 |       0 |   0.0 |      19 |       0 |   0.0
        D:2 |      39 |       1 |   2.5 |      22 |       1 |   4.3
        D:3 |     106 |       0 |   0.0 |      21 |       0 |   0.0
        D:4 |      19 |      41 |  68.3 |       7 |       1 |  12.5
        D:5 |     514 |      26 |   4.8 |      15 |       2 |  11.8
        D:6 |    1169 |     686 |  37.0 |      28 |      17 |  37.8
        D:7 |     824 |       0 |   0.0 |      15 |       0 |   0.0
        D:8 |     866 |       0 |   0.0 |      17 |       0 |   0.0
        D:9 |    2671 |    4173 |  61.0 |      25 |      20 |  44.4
     Lair:1 |    1760 |     332 |  15.9 |       6 |       3 |  33.3
   Gauntlet |       0 |    1769 | 100.0 |       0 |       6 | 100.0
            +---------+---------+-------+---------+---------+-------
